TOP OF THE 1ST |
Pawnee ParksNRec batting - Pitching for Tortolita Drummers : RHP Nicholas Wells
|
Pitching: RHP Nicholas Wells
|
|
Batting: LHB Jim Unknown
|
0-0: SINGLE (Line Drive, 4)
|
Batting: LHB Jim Unknown
|
0-0: Called Strike 0-1: Grounds into double play, 6-4-3 (Groundball, 6)
|
Batting: RHB Jim Unknown
|
0-0: Called Strike 0-1: Ball 1-1: DOUBLE (Flyball, 8RXD)
|
Batting: RHB Jim Unknown
|
0-0: Foul Ball, location: 2F 0-1: Ball 1-1: Called Strike 1-2: Ball 2-2: Strikes out swinging
|
Top of the 1st over - 0 run(s), 2 hit(s), 0 error(s), 1 left on base; Pawnee 0 - Tortolita 0 |
BOTTOM OF THE 1ST |
Tortolita Drummers batting - Pitching for Pawnee ParksNRec : RHP Jim Unknown
|
Pitching: RHP Jim Unknown
|
|
Batting: RHB Allen George
|
0-0: Ball 1-0: DOUBLE (Line Drive, 8RM)
|
Batting: RHB Jim Unknown
|
0-0: SINGLE (Flyball, 8LS) Allen George to third Runner from 3rd tries for Home, SAFE, throw made home
|
Batting: RHB Bart Lewis
|
0-0: Ball 1-0: Ground out 5-3 (Groundball, 56S) Jim Unknown to second
|
Batting: SHB Will Brock
|
0-0: Ball 1-0: Ball 2-0: Ball 3-0: Base on Balls
|
Batting: RHB Kevin Howard
|
0-0: Ball 1-0: Called Strike 1-1: Ball 2-1: Foul Ball, location: 2F 2-2: Fly out, F8 (Flyball, 78XD) Runner from 2nd tags up, SAFE at 3rd, no throw
|
Batting: LHB Ryan Westlake
|
0-0: Ball 1-0: Ball 2-0: Ball 3-0: Called Strike 3-1: Called Strike 3-2: Base on Balls Will Brock to second
|
Batting: RHB Anastasio Cabanillas
|
0-0: Called Strike 0-1: Ball 1-1: Foul Ball, location: 2F 1-2: Ball 2-2: Ball 3-2: Base on Balls Jim Unknown scores Will Brock to third Ryan Westlake to second
|
Batting: RHB Hoyt Powers
|
0-0: Ball 1-0: Ball 2-0: Called Strike 2-1: Ground out U3 (Groundball, 3S)
|
Bottom of the 1st over - 2 run(s), 2 hit(s), 0 error(s), 3 left on base; Pawnee 0 - Tortolita 2 |
TOP OF THE 2ND |
Pawnee ParksNRec batting - Pitching for Tortolita Drummers : RHP Nicholas Wells
|
Batting: RHB Jim Unknown
|
0-0: Called Strike 0-1: Ball 1-1: Foul Ball, location: 2F 1-2: Ball 2-2: Ball 3-2: Strikes out looking
|
Batting: RHB Jim Unknown
|
0-0: Called Strike 0-1: Ball 1-1: Foul Ball, location: 2F 1-2: Strikes out looking
|
Batting: LHB Jim Unknown
|
0-0: Ball 1-0: Ball 2-0: Ball 3-0: Base on Balls
|
Batting: RHB Jim Unknown
|
0-0: Ball 1-0: Ball 2-0: Ball 3-0: Base on Balls Jim Unknown to second
|
Batting: RHB Jim Unknown
|
0-0: Ball 1-0: Swinging Strike 1-1: Called Strike 1-2: Fly out, F9 (Flyball, 89S)
|
Top of the 2nd over - 0 run(s), 0 hit(s), 0 error(s), 2 left on base; Pawnee 0 - Tortolita 2 |
BOTTOM OF THE 2ND |
Tortolita Drummers batting - Pitching for Pawnee ParksNRec : RHP Jim Unknown
|
Batting: LHB Jesse Taylor
|
0-0: Ball 1-0: Ball 2-0: Ground out 5-3 (Groundball, 56S)
|
Batting: RHB Allen George
|
0-0: Foul Ball, location: 2F 0-1: Foul Ball, location: 2F 0-2: Ball 1-2: Ball 2-2: SINGLE (Groundball, 4M)
|
Batting: RHB Jim Unknown
|
0-0: Ball 1-0: Called Strike 1-1: Swinging Strike 1-2: Strikes out looking
|
Batting: RHB Bart Lewis
|
0-0: Ball 1-0: Called Strike 1-1: Fly out, F9 (Flyball, 89M)
|
Bottom of the 2nd over - 0 run(s), 1 hit(s), 0 error(s), 1 left on base; Pawnee 0 - Tortolita 2 |
TOP OF THE 3RD |
Pawnee ParksNRec batting - Pitching for Tortolita Drummers : RHP Nicholas Wells
|
Batting: LHB Jim Unknown
|
0-0: Fly out, F6 (Popup, 7LSF)
|
Batting: LHB Jim Unknown
|
0-0: Ball 1-0: SINGLE (Groundball, 6MD)
|
Batting: RHB Jim Unknown
|
0-0: Swinging Strike 0-1: SINGLE (Line Drive, 34) Jim Unknown to second
|
Batting: RHB Jim Unknown
|
0-0: Foul Ball, location: 2F 0-1: Ball 1-1: Called Strike 1-2: Fielders Choice at 2nd, 1-6 (Groundball, 15S) Jim Unknown to third
|
Batting: RHB Jim Unknown
|
0-0: SINGLE (Popup, 34D) Jim Unknown scores Jim Unknown to second Runner from 2nd tries for 3rd, SAFE, no throw or cutoff
|
Batting: RHB Jim Unknown
|
0-0: Called Strike 0-1: Ball 1-1: Ball 2-1: Called Strike 2-2: DOUBLE (Line Drive, 7LM) Jim Unknown scores Jim Unknown to third Runner from 3rd tries for Home, SAFE, no throw or cutoff
|
Batting: LHB Jim Unknown
|
0-0: Ball 1-0: Ball 2-0: Called Strike 2-1: Swinging Strike 2-2: Ball 3-2: Foul Ball, location: 2F 3-2: SINGLE (Line Drive, 34D) Jim Unknown to third Jim Unknown scores
|
Batting: RHB Jim Unknown
|
0-0: Foul Ball, location: 2F 0-1: Called Strike 0-2: Foul Ball, location: 2F 0-2: SINGLE (Groundball, 5D) Jim Unknown to second
|
Batting: RHB Jim Unknown
|
0-0: Ball 1-0: Ball 2-0: Ball 3-0: Called Strike 3-1: Base on Balls Jim Unknown to third Jim Unknown to second
|
Batting: LHB Jim Unknown
|
0-0: Called Strike 0-1: Called Strike 0-2: Ball 1-2: Ball 2-2: Ball 3-2: Strikes out swinging
|
Top of the 3rd over - 4 run(s), 6 hit(s), 0 error(s), 3 left on base; Pawnee 4 - Tortolita 2 |
BOTTOM OF THE 3RD |
Tortolita Drummers batting - Pitching for Pawnee ParksNRec : RHP Jim Unknown
|
Batting: SHB Will Brock
|
0-0: Called Strike 0-1: Foul Ball, location: 2F 0-2: Strikes out looking
|
Batting: RHB Kevin Howard
|
0-0: Called Strike 0-1: Ball 1-1: Ball 2-1: Foul Ball, location: 2F 2-2: Strikes out swinging
|
Batting: LHB Ryan Westlake
|
0-0: Ball 1-0: Called Strike 1-1: Ball 2-1: Called Strike 2-2: Strikes out swinging
|
Bottom of the 3rd over - 0 run(s), 0 hit(s), 0 error(s), 0 left on base; Pawnee 4 - Tortolita 2 |
TOP OF THE 4TH |
Pawnee ParksNRec batting - Pitching for Tortolita Drummers : RHP Nicholas Wells
|
Batting: LHB Jim Unknown
|
0-0: Called Strike 0-1: Ball 1-1: Foul Ball, location: 2F 1-2: Foul Ball, location: 2F 1-2: Foul Ball, location: 2F 1-2: Ball 2-2: Ground out 6-3 (Groundball, 56)
|
Batting: RHB Jim Unknown
|
0-0: Ball 1-0: Ball 2-0: Ball 3-0: Base on Balls
|
Batting: RHB Jim Unknown
|
0-0: Ball 1-0: Foul Ball, location: 2F 1-1: Ball 2-1: Fielders Choice at 2nd, 1-6 (Groundball, 25)
|
Batting: RHB Jim Unknown
|
0-0: Ball Wild Pitch! Jim Unknown to second 1-0: Called Strike 1-1: Foul Ball, location: 2F 1-2: Ball 2-2: Ball 3-2: Base on Balls
|
Batting: RHB Jim Unknown
|
0-0: Foul Ball, location: 2F 0-1: Ground out 5-3 (Groundball, 6S)
|
Top of the 4th over - 0 run(s), 0 hit(s), 0 error(s), 2 left on base; Pawnee 4 - Tortolita 2 |
BOTTOM OF THE 4TH |
Tortolita Drummers batting - Pitching for Pawnee ParksNRec : RHP Jim Unknown
|
Batting: RHB Anastasio Cabanillas
|
0-0: Ball 1-0: SINGLE (Groundball, 56D) (infield hit)
|
Batting: RHB Hoyt Powers
|
0-0: Ball 1-0: Grounds into double play, 6-4-3 (Groundball, 6)
|
Batting: LHB Jesse Taylor
|
0-0: Swinging Strike 0-1: Ball 1-1: Ground out 5-3 (Groundball, 5)
|
Bottom of the 4th over - 0 run(s), 1 hit(s), 0 error(s), 0 left on base; Pawnee 4 - Tortolita 2 |
TOP OF THE 5TH |
Pawnee ParksNRec batting - Pitching for Tortolita Drummers : RHP Nicholas Wells
|
Batting: LHB Jim Unknown
|
0-0: Ball 1-0: Ball 2-0: Ball 3-0: Base on Balls
|
Batting: RHB Jim Unknown
|
0-0: Called Strike 0-1: Ball 1-1: Foul Ball, location: 2F 1-2: Strikes out swinging
|
Batting: RHB Jim Unknown
|
0-0: Ball 1-0: Ball 2-0: Fly out, F4 (Popup, 4S)
|
Batting: LHB Jim Unknown
|
0-0: Called Strike 0-1: Ball 1-1: SINGLE (Flyball, 7LM) Jim Unknown to second
|
Batting: LHB Jim Unknown
|
0-0: Called Strike 0-1: Swinging Strike 0-2: Ball 1-2: Fly out, F5 (Popup, 5SF)
|
Top of the 5th over - 0 run(s), 1 hit(s), 0 error(s), 2 left on base; Pawnee 4 - Tortolita 2 |
BOTTOM OF THE 5TH |
Tortolita Drummers batting - Pitching for Pawnee ParksNRec : RHP Jim Unknown
|
Batting: RHB Allen George
|
0-0: Called Strike 0-1: Ball 1-1: Swinging Strike 1-2: Strikes out swinging
|
Batting: RHB Jim Unknown
|
0-0: Ball 1-0: Foul Ball, location: 2F 1-1: SINGLE (Line Drive, 56)
|
Batting: RHB Bart Lewis
|
0-0: Fly out, F9 (Flyball, 9LD)
|
Batting: SHB Will Brock
|
0-0: Called Strike 0-1: Ball 1-1: Swinging Strike 1-2: Ball 2-2: Ground out 4-3 (Groundball, 4)
|
Bottom of the 5th over - 0 run(s), 1 hit(s), 0 error(s), 1 left on base; Pawnee 4 - Tortolita 2 |
TOP OF THE 6TH |
Pawnee ParksNRec batting - Pitching for Tortolita Drummers : RHP Nicholas Wells
|
Batting: RHB Jim Unknown
|
0-0: Called Strike 0-1: Swinging Strike 0-2: Strikes out swinging
|
Batting: RHB Jim Unknown
|
0-0: Swinging Strike 0-1: Swinging Strike 0-2: Strikes out swinging
|
Batting: RHB Jim Unknown
|
0-0: Ground out 1-3 (Groundball, 25)
|
Top of the 6th over - 0 run(s), 0 hit(s), 0 error(s), 0 left on base; Pawnee 4 - Tortolita 2 |
BOTTOM OF THE 6TH |
Tortolita Drummers batting - Pitching for Pawnee ParksNRec : RHP Jim Unknown
|
Batting: RHB Kevin Howard
|
0-0: Ball 1-0: Fly out, F9 (Line Drive, 9LM)
|
Batting: LHB Ryan Westlake
|
0-0: Ball 1-0: Ball 2-0: Called Strike 2-1: Ball 3-1: Foul Ball, location: 2F 3-2: Strikes out looking
|
Batting: RHB Anastasio Cabanillas
|
0-0: Ball 1-0: Called Strike 1-1: Ball 2-1: DOUBLE (Flyball, 89D)
|
Batting: RHB Hoyt Powers
|
0-0: Ball 1-0: DOUBLE (Flyball, 7LM) Anastasio Cabanillas scores
|
Batting: LHB Jesse Taylor
|
0-0: Called Strike 0-1: SINGLE (Line Drive, 4M) Hoyt Powers to third Runner from 3rd tries for Home, SAFE, no throw or cutoff
|
Batting: RHB Allen George
|
0-0: Ball 1-0: Swinging Strike 1-1: Ball 2-1: Swinging Strike 2-2: Ball 3-2: Foul Ball, location: 2F 3-2: Base on Balls Jesse Taylor to second
|
Batting: RHB Jim Unknown
|
0-0: Called Strike 0-1: Foul Ball, location: 2F 0-2: Ball 1-2: Foul Ball, location: 2F 1-2: Ball 2-2: SINGLE (Line Drive, 9S) Jesse Taylor to third Allen George to second
|
Batting: RHB Bart Lewis
|
0-0: Called Strike 0-1: Swinging Strike 0-2: Strikes out looking
|
Bottom of the 6th over - 2 run(s), 4 hit(s), 0 error(s), 3 left on base; Pawnee 4 - Tortolita 4 |
TOP OF THE 7TH |
Pawnee ParksNRec batting - Pitching for Tortolita Drummers : RHP Nicholas Wells
|
Batting: RHB Jim Unknown
|
0-0: Ball 1-0: Ball 2-0: Foul Ball, location: 2F 2-1: Foul Ball, location: 2F 2-2: Strikes out looking
|
Batting: LHB Jim Unknown
|
0-0: Foul Ball, location: 2F 0-1: Ball 1-1: Foul Ball, location: 2F 1-2: Ball 2-2: Fly out, F8 (Flyball, 8RD)
|
Batting: RHB Jim Unknown
|
0-0: Ball 1-0: Ball 2-0: Swinging Strike 2-1: Foul Ball, location: 2F 2-2: Ball 3-2: Strikes out swinging
|
Top of the 7th over - 0 run(s), 0 hit(s), 0 error(s), 0 left on base; Pawnee 4 - Tortolita 4 |
BOTTOM OF THE 7TH |
Tortolita Drummers batting - Pitching for Pawnee ParksNRec : RHP Jim Unknown
|
Batting: SHB Will Brock
|
0-0: Ball 1-0: Ball 2-0: Ball 3-0: Called Strike 3-1: SOLO HOME RUN (Flyball, 89XD), Distance : 410 ft
|
Pitching: LHP Jim Unknown
|
|
Batting: RHB Kevin Howard
|
0-0: Ball 1-0: Ball 2-0: Foul Ball, location: 2F 2-1: Foul Ball, location: 2F 2-2: Ball 3-2: Foul Ball, location: 2F 3-2: Base on Balls
|
Batting: LHB Ryan Westlake
|
0-0: Called Strike 0-1: Ball 1-1: Fly out, F7 (Flyball, 78XD)
|
Batting: RHB Anastasio Cabanillas
|
0-0: Called Strike 0-1: Ball 1-1: Swinging Strike 1-2: Strikes out swinging
|
Batting: RHB Hoyt Powers
|
0-0: Ball 1-0: Fly out, F4 (Popup, 4MD)
|
Bottom of the 7th over - 1 run(s), 1 hit(s), 0 error(s), 1 left on base; Pawnee 4 - Tortolita 5 |
TOP OF THE 8TH |
Pawnee ParksNRec batting - Pitching for Tortolita Drummers : RHP Nicholas Wells
|
Pitching: RHP Jim Unknown
|
|
Batting: RHB Jim Unknown
|
0-0: Ball 1-0: Ball 2-0: Ground out 4-3 (Groundball, 4M)
|
Batting: LHB Jim Unknown
|
0-0: Ball 1-0: Ball 2-0: Called Strike 2-1: Ground out 5-3 (Groundball, 56)
|
Batting: LHB Jim Unknown
|
0-0: Foul Ball, location: 2F 0-1: Ball 1-1: Foul Ball, location: 2F 1-2: Foul Ball, location: 2F 1-2: Ball 2-2: Foul Ball, location: 2F 2-2: Ground out 1-3 (Groundball, 13)
|
Top of the 8th over - 0 run(s), 0 hit(s), 0 error(s), 0 left on base; Pawnee 4 - Tortolita 5 |
BOTTOM OF THE 8TH |
Tortolita Drummers batting - Pitching for Pawnee ParksNRec : LHP Jim Unknown
|
Batting: LHB Jesse Taylor
|
0-0: Ball 1-0: Called Strike 1-1: Fly out, F5 (Popup, 5SF)
|
Batting: RHB Allen George
|
0-0: Called Strike 0-1: Ball 1-1: Foul Ball, location: 2F 1-2: Ball 2-2: Fly out, F8 (Flyball, 8RM)
|
Batting: RHB Jim Unknown
|
0-0: Foul Ball, location: 2F 0-1: Ball 1-1: Ball 2-1: Ground out 4-3 (Groundball, 4)
|
Bottom of the 8th over - 0 run(s), 0 hit(s), 0 error(s), 0 left on base; Pawnee 4 - Tortolita 5 |
TOP OF THE 9TH |
Pawnee ParksNRec batting - Pitching for Tortolita Drummers : RHP Jim Unknown
|
Batting: RHB Jim Unknown
|
0-0: Fly out, F9 (Flyball, 89M)
|
Pinch Hitting: LHB Jim Unknown
|
0-0: Ball 1-0: Ball 2-0: Ball 3-0: Base on Balls
|
Batting: RHB Jim Unknown
|
0-0: 2-RUN HOME RUN (Flyball, 7D), Distance : 344 ft
|
Pitching: RHP Luis Gonzáles
|
|
Batting: RHB Jim Unknown
|
0-0: SINGLE (Line Drive, 4D)
|
Batting: LHB Jim Unknown
|
0-0: Ball 1-0: Foul Ball, location: 2F 1-1: SINGLE (Groundball, 34D) Jim Unknown to second Runner from 2nd tries for 3rd, SAFE, no throw or cutoff
|
Batting: RHB Jim Unknown
|
0-0: Foul Ball, location: 2F 0-1: Ball 1-1: Ball 2-1: SINGLE (Flyball, 4MD) Jim Unknown scores Jim Unknown to second
|
Batting: RHB Jim Unknown
|
0-0: Ball 1-0: Foul Ball, location: 2F 1-1: Foul Ball, location: 2F 1-2: Strikes out looking
|
Batting: LHB Jim Unknown
|
0-0: Swinging Strike 0-1: SINGLE (Groundball, 5D) Jim Unknown to third Jim Unknown to second Runner from 3rd tries for Home, SAFE, throw made home Jim Unknown to third Jim Unknown to second
|
Batting: LHB Jim Unknown
|
0-0: Ball 1-0: Ball 2-0: Ball 3-0: Called Strike 3-1: Fly out, F7 (Flyball, 78M)
|
Top of the 9th over - 4 run(s), 5 hit(s), 0 error(s), 2 left on base; Pawnee 8 - Tortolita 5 |
BOTTOM OF THE 9TH |
Tortolita Drummers batting - Pitching for Pawnee ParksNRec : LHP Jim Unknown
|
Pitching: RHP Jim Unknown
|
|
Now at 2B: Jim Unknown
|
|
Batting: RHB Bart Lewis
|
0-0: Called Strike 0-1: Ball 1-1: Foul Ball, location: 2F 1-2: Ball 2-2: Strikes out looking
|
Batting: SHB Will Brock
|
0-0: Ball 1-0: Called Strike 1-1: Called Strike 1-2: Foul Ball, location: 2F 1-2: Foul Ball, location: 2F 1-2: Foul Ball, location: 2F 1-2: DOUBLE (Groundball, 3L)
|
Pinch Runner at 2nd Jim Harris:
|
|
Batting: RHB Kevin Howard
|
0-0: Swinging Strike 0-1: Ball 1-1: SINGLE (Flyball, 8RS) Jim Harris to third
|
Batting: LHB Ryan Westlake
|
0-0: Ball 1-0: Ball 2-0: Ball 3-0: Base on Balls Kevin Howard to second
|
Batting: RHB Anastasio Cabanillas
|
0-0: Ball 1-0: Ball 2-0: Ball 3-0: Called Strike 3-1: Swinging Strike 3-2: Strikes out swinging
|
Batting: RHB Hoyt Powers
|
0-0: Called Strike 0-1: Ball 1-1: Called Strike 1-2: Ball 2-2: Ball 3-2: Foul Ball, location: 2F 3-2: Foul Ball, location: 2F 3-2: Fly out, F7 (Flyball, 78XD)
|
Bottom of the 9th over - 0 run(s), 2 hit(s), 0 error(s), 3 left on base; Pawnee 8 - Tortolita 5 |
|